 Dungeon Crawl Stone Soup version 0.24-a0-516-g9de272bb65 (webtiles) character file.

Game seed: 17276549467439799377

119 vurker the Firebug (level 5, -1/33 HPs)
             Began as an Octopode Fire Elementalist on July 21, 2019.
             Slain by a scorpion (7 damage)
             ... while paralysed by Grinder
             ... on level 3 of the Dungeon.
             The game lasted 00:03:56 (2045 turns).

vurker the Firebug (Octopode Fire Elementalist)     Turns: 2045, Time: 00:03:56

Health: -1/33      AC:  1    Str:  7    XL:     5   Next: 3%
Magic:  8/8        EV:  2    Int: 25    God:
Gold:   157        SH:  0    Dex: 12    Spells: 3/9 levels left

rFire    . . .     SeeInvis .   i - +0 dagger
rCold    . . .     Gourm    .   (no shield)
rNeg     + . .     Faith    .   (helmet restricted)
rPois    .         Spirit   .   m - amulet of magic regeneration
rElec    .         Reflect  .   h - +6 ring of intelligence
rCorr    .         Harm     .   k - ring of positive energy
MR       .....                  (no ring)
Stlth    +++.......             (no ring)
HPRegen  0.11/turn              (no ring)
MPRegen  0.36/turn              (no ring)
                                (no ring)
                                (no ring)

@: paralysed, lethally poisoned (-1 -> -6)
A: almost no armour, stealthy swim, amphibious, 8 rings, constrict 8, camouflage
1, gelatinous body 1
a: no special abilities


You were on level 3 of the Dungeon.
You were not hungry.

You visited 1 branch of the dungeon, and saw 3 of its levels.

You collected 157 gold pieces.

Inventory:

Hand Weapons
 i - a +0 dagger (weapon)
   (You took it off a goblin on level 1 of the Dungeon)
Jewellery
 h - a +6 ring of intelligence (left tentacle)
   (You found it on level 1 of the Dungeon)
 k - a ring of positive energy (right tentacle)
   (You found it on level 2 of the Dungeon)
 m - an amulet of magic regeneration (around mantle)
   (You found it on level 2 of the Dungeon)
Scrolls
 c - 2 scrolls of blinking {unknown}
 f - 4 scrolls of identify {unknown}
 g - a scroll of random uselessness {unknown}
 n - a scroll of noise {unknown}
Potions
 a - 2 potions of magic {unknown}
 b - 2 potions of mutation {unknown}
 j - a potion of ambrosia {unknown}
 l - 2 potions of lignification {unknown}
 o - a potion of resistance {unknown}
 p - 2 potions of haste {unknown}
 q - a potion of heal wounds {unknown}
 r - a potion of berserk rage {unknown}
Comestibles
 d - 2 chunks of flesh
 e - 5 rations {!d}


   Skills:
 + Level 1.5 Fighting
 - Level 2.0 Dodging
 - Level 2.6 Stealth
 + Level 2.5 Spellcasting
 * Level 2.6 Conjurations
 * Level 4.0 Fire Magic


You had 3 spell levels left.
You knew the following spells:

 Your Spells              Type           Power        Failure   Level  Hunger
a - Flame Tongue          Conj/Fire      ###..        2%          1    None
b - Throw Flame           Conj/Fire      ###...       4%          2    ##.....
c - Conjure Flame         Conj/Fire      ###.....     8%          3    ###....

Your spell library contained the following spells:

 Spells                   Type           Power        Failure   Level  Hunger
 Inner Flame              Hex/Fire       ##......     14%         3    ###....
 Sticky Flame             Conj/Fire      ###.....     26%         4    ####...
 Fireball                 Conj/Fire      ###.......   58%         5    ######.


Dungeon Overview and Level Annotations

Branches:
Dungeon (3/15)

Altars:
Gozag

Annotations:
D:3 Grinder


Innate Abilities, Weirdness & Mutations

You cannot wear most types of armour.
You are very stealthy in the water. (Stealth+)
You are amphibious.
You can wear up to eight rings at the same time.
You can use your tentacles to constrict eight enemies at once.
Your skin changes colour to match your surroundings (Stealth+).
Your rubbery body absorbs attacks. (AC +1, EV +1)


Message History

You climb upwards.
There is a stone staircase leading down here.
You start resting.
You start resting.
Eating one of 6 chunks of flesh.
You eat one of the 6 chunks of flesh.
Some of the chunks of flesh in your inventory have rotted away. x2
You climb downwards.
There is a stone staircase leading up here.
Found 11 gold pieces.
You now have 157 gold pieces (gained 11).
A giant cockroach comes into view.
A giant cockroach is nearby!
Aim: a giant cockroach The flame tongue hits the giant cockroach.
Aim: a giant cockroach (heavily wounded, clinging)
The flame tongue hits the giant cockroach.
You kill the giant cockroach!
You can't see any susceptible monsters within range! (Use Z to cast anyway.)
A scorpion comes into view.
A scorpion is nearby!
A goblin and a hobgoblin come into view.
The goblin is wielding a +2 dagger of venom.
The hobgoblin shouts!
Aim: a scorpion (hasn't noticed you)
The flame tongue hits the scorpion!
The goblin shouts!
Aim: a scorpion (severely wounded)
The flame tongue hits the scorpion.
An adder comes into view.
Grinder comes into view.
Grinder shouts!
You hear an angry hiss.
Grinder gestures at you.
You suddenly lose the ability to move!
The scorpion stings you.
A rat comes into view.
The scorpion barely misses you. Grinder hits you. The scorpion stings you.
Grinder hits you!
* * * LOW HITPOINT WARNING * * *
You writhe in agony.
* * * LOW HITPOINT WARNING * * *
The adder hisses angrily.
The scorpion stings you.
* * * LOW HITPOINT WARNING * * *
You are poisoned.
The scorpion poisons you! Grinder gestures at you.
You shrug off the repeated paralysis!
* * * LOW HITPOINT WARNING * * *
You feel sick. The scorpion stings you!
You die...

... ..# ... .S. #.#
..# ... ..# #.# .g#
#S# ..# ####
#5##..#####
####...#####.@sg......
......[......##..####.
#......####.# .....
#......####.# .......
#...........#####.#..
#.....####.......# #
...#.....####.#####.#
#..#.#.#...##.#
#..#.#..._..#.#


You could see Grinder, a scorpion, an adder and a goblin.

Vanquished Creatures
  Terence (D:3)
  3 adders
  An ooze (D:1)
  A worm (D:2)
  2 dart slugs (D:2)
  2 leopard geckos
  8 bats
  3 giant cockroaches
  6 goblins
  5 hobgoblins
  7 jackals (D:2)
  3 kobolds
  2 ball pythons
  3 frilled lizards (D:1)
  6 rats
53 creatures vanquished.

Notes
Turn   | Place    | Note
-------+----------+-------------------------------------------
     0 | D:1      | vurker the Octopode Fire Elementalist began the quest for
                  | the Orb.
     0 | D:1      | Reached XP level 1. HP: 11/11 MP: 3/3
   238 | D:1      | Reached XP level 2. HP: 14/18 MP: 0/5
   897 | D:1      | Reached XP level 3. HP: 22/22 MP: 4/6
   986 | D:1      | Learned a level 2 spell: Throw Flame
   990 | D:1      | Learned a level 3 spell: Conjure Flame
  1000 | D:1      | Reached skill level 1 in Fighting
  1250 | D:2      | Reached XP level 4. HP: 27/28 MP: 3/7
  1739 | D:3      | Found an opulent altar of Gozag.
  1788 | D:3      | Noticed Terence
  1821 | D:3      | Killed Terence
  1821 | D:3      | Reached skill level 4 in Fire Magic
  1821 | D:3      | Reached XP level 5. HP: 11/33 MP: 3/8
  2040 | D:3      | Noticed Grinder
  2040 | D:3      | Paralysed by Grinder for 6 turns
  2045 | D:3      | Slain by a scorpion

Levels and vault maps discovered:
D:1:      beargit_arrival_greenhouse, layout_basic, serial_corexii_hall,
          corexii_hall_statues_l, chequers_hall_statues_wall_a
D:2:      layout_rooms, first_ration
D:3:      layout_loops_ring, kennysheep_slug_shrine, nicolae_gozag_seed_capital,
          nicolae_ru_path_of_blood, uniq_terence, uniq_grinder

Skill      XL: |  1  2  3  4 |
---------------+-------------+-----
Fighting       | 1 |  1.5
Conjurations   | 2 |  2.6
Fire Magic     | 4 |  4.0
Dodging        | |  2.0
Stealth        | |  2.6
Spellcasting   | |  2.5

Action                   |  1- 3 |  4- 6 || total
-------------------------+-------+-------++-------
Melee: Unarmed           |    12 |       ||    12
       Constrict         |     5 |     1 ||     6
       Tentacles         |     2 |       ||     2
       Dagger            |       |     1 ||     1
 Cast: Flame Tongue      |    48 |    41 ||    89
       Throw Flame       |     2 |     4 ||     6
 Stab: Sleeping          |     1 |       ||     1
  Eat: Chunk             |     1 |     3 ||     4
Armor: Skin              |     3 |     1 ||     4
Dodge: Dodged            |    24 |    14 ||    38

Table legend:
 A = Non-vault XP
 B = Vault XP
 C = Vault XP percentage of total XP
 D = Non-vault monster count
 E = Vault monster count
 F = Vault count percentage of total count
                 A         B        C        D         E       F
            +---------+---------+-------+---------+---------+-------
      Total |     135 |      36 |  21.1 |      52 |       1 |   1.9
            +---------+---------+-------+---------+---------+-------
        D:1 |      48 |       0 |   0.0 |      20 |       0 |   0.0
        D:2 |      65 |       0 |   0.0 |      26 |       0 |   0.0
        D:3 |      22 |      36 |  62.1 |       6 |       1 |  14.3
            +---------+---------+-------+---------+---------+-------
